 Dungeon Sprint DCSS version 0.18-b1-16-g289874d (webtiles) character file.

1963 leos9 the Grappler (level 9, -1/100 HPs)
             Began as a Troll Berserker on May 2, 2016.
             Was an Elder of Trog.
             Slain by a demonic crawler (2 damage)
             ... in the Dungeon (Sprint I: "Red Sonja").
             The game lasted 00:05:58 (308 turns).

leos9 the Grappler (Troll Berserker)                 Turns: 308, Time: 00:06:02

Health: -1/100     AC:  6    Str: 30    XL:     9   Next: 0%
Magic:  8/8        EV: 13    Int:  3    God:    Trog [****..]
Gold:   405        SH:  0    Dex:  9    Spells: 0 memorised, 8 levels left

rFire  . . .     SeeInvis .       - Unarmed
rCold  . . .     Gourm    +     j - +1 robe {MR+}
rNeg   . . .     Faith    .     (no shield)
rPois  .         Spirit   .     (helmet restricted)
rElec  .         Dismiss  .     (no cloak)
rCorr  .         Reflect  .     (gloves unavailable)
SustAt .         Harm     .     (boots unavailable)
MR     +++..     NoTele   +     (no amulet)
Stlth  +.........               (no ring)
                                (no ring)

@: exhausted, very slightly contaminated, regenerating, hasted and slowed,
extremely resistant to hostile enchantments, very unstealthy
A: unfitting armour, claws 3, fast metabolism 3, gourmand, regeneration 2,
shaggy fur 1, tough skin 2
a: Berserk, Trog's Hand, Brothers in Arms, Burn Spellbooks, Renounce Religion


You were in the Dungeon.
You worshipped Trog.
Trog was greatly pleased with you.
You were not hungry.

You visited 1 branch You collected 405 gold pieces.

Inventory:

Hand Weapons
 k - a +0 scythe
Armour
 a - a +0 animal skin
 j - a +1 robe of magic resistance (worn)
Scrolls
 m - a scroll of fog {unknown}
Potions
 f - 2 potions of magic
 g - 2 potions of berserk rage
 i - 3 potions of flight {unknown}
 l - a potion of resistance {unknown}
Comestibles
 b - 2 bread rations


   Skills:
 + Level 9.6 Fighting
 + Level 10.7 Dodging
 + Level 0.8 Stealth
 + Level 11.9 Unarmed Combat


You had 8 spell levels left.
You didn't know any spells.

Dungeon Overview and Level Annotations

Branches:
Dungeon (1/1)

Altars:
Cheibriados
Dithmenos
Elyvilon
Fedhas
Gozag
Kikubaaqudgha
Makhleb
Nemelex Xobeh
Okawaru
Pakellas
Qazlal
Ru
Sif Muna
Trog
Vehumet
Xom
Yredelemnul
Zin
The Shining One
Jiyva

Shops:
D (


Innate Abilities, Weirdness & Mutations

You are too large for most types of armour.
You have claws for hands.
Your metabolism is lightning-fast.
You like to eat raw meat.
You heal very quickly.
You are covered in fur (AC +1).
You have very tough skin (AC +2).


Message History

You feel better. The demonic crawler hits you.
* * * LOW HITPOINT WARNING * * *
The demonic crawler hits you.
* * * LOW HITPOINT WARNING * * *
The demonic crawler misses you.
You mangle the demonic crawler!!
You kill the demonic crawler!
Trog accepts your kill.
You have reached level 9!
Your experience leads to an increase in your attributes!
Increase (S)trength, (I)ntelligence, or (D)exterity?
You feel stronger. x2
You scratch the demonic crawler.
The demonic crawler is heavily wounded.
The demonic crawler hits you.
* * * LOW HITPOINT WARNING * * *
The demonic crawler hits you!
* * * LOW HITPOINT WARNING * * *
The demonic crawler hits you.
You die...

##########################
#<.#..)..#..'..#__#..')..#
#..'[.#..'..#..'..'..#.).##+#
#..#####'#####'#__####..§'..#
#..####..#...#s#### #####..+
#..#__####..##@# ##
#..#_.___##'#..+
#⌠⌠#_.∩...'..._#
####_..._##_.#'#
#_____###+#.# ####### ###


You could see a demonic crawler.

Vanquished Creatures
  2 kobold demonologists (D)
  3 demonic crawlers (D)
  A slime creature (D)
  Sigmund (D)
  A yak (D)
  A giant eyeball (D)
  An ogre (D)
  A jelly (D)
  Ijyb (D)
12 creatures vanquished.

Notes
Turn   | Place    | Note
--------------------------------------------------------------
     0 | D        | leos9 the Troll Berserker began the quest for the Orb.
     0 | D        | Reached XP level 1. HP: 22/22 MP: 0/0
     2 | D        | Noticed Ijyb
     6 | D        | Killed Ijyb
     6 | D        | Reached skill level 4 in Unarmed Combat
     6 | D        | Reached XP level 2. HP: 31/31 MP: 1/1
    11 | D        | Noticed an ogre
    18 | D        | Killed an ogre
    18 | D        | Reached ** piety under Trog
    18 | D        | Reached skill level 5 in Dodging
    18 | D        | Reached skill level 6 in Unarmed Combat
    18 | D        | Reached XP level 3. HP: 18/41 MP: 2/2
    18 | D        | Reached XP level 4. HP: 21/49 MP: 3/3
    56 | D        | Noticed Sigmund
    64 | D        | Killed Sigmund
    64 | D        | Reached skill level 7 in Unarmed Combat
    64 | D        | Reached XP level 5. HP: 43/59 MP: 4/4
   103 | D        | Found a snail-covered altar of Cheibriados.
   103 | D        | Found a viscous altar of Jiyva.
   103 | D        | Found a shadowy altar of Dithmenos.
   103 | D        | Found a blossoming altar of Fedhas.
   103 | D        | Noticed a slime creature
   113 | D        | Killed a slime creature
   113 | D        | Reached skill level 9 in Unarmed Combat
   113 | D        | Reached XP level 6. HP: 26/71 MP: 5/5
   133 | D        | Found a deep blue altar of Sif Muna.
   135 | D        | Found a radiant altar of Vehumet.
   180 | D        | Found Vikil's Antique Weapon Emporium.
   180 | D        | Found a white marble altar of Elyvilon.
   180 | D        | Found a stormy altar of Qazlal.
   180 | D        | Found a burning altar of Makhleb.
   180 | D        | Found a sacrificial altar of Ru.
   180 | D        | Found an oddly glowing altar of Pakellas.
   180 | D        | Found a basalt altar of Yredelemnul.
   180 | D        | Found a glowing golden altar of the Shining One.
   180 | D        | Found a sparkling altar of Nemelex Xobeh.
   180 | D        | Found a shimmering altar of Xom.
   180 | D        | Found an opulent altar of Gozag.
   180 | D        | Found an ancient bone altar of Kikubaaqudgha.
   180 | D        | Found a glowing silver altar of Zin.
   180 | D        | Noticed a yak
   184 | D        | Killed a yak
   184 | D        | Reached *** piety under Trog
   184 | D        | Reached XP level 7. HP: 57/79 MP: 6/6
   185 | D        | Found an iron altar of Okawaru.
   186 | D        | Found a bloodstained altar of Trog.
   213 | D        | Noticed a kobold demonologist
   214 | D        | Noticed a kobold demonologist
   214 | D        | Reached skill level 10 in Unarmed Combat
   215 | D        | Noticed an orange demon
   218 | D        | Killed a kobold demonologist
   225 | D        | Noticed a neqoxec
   228 | D        | Killed a kobold demonologist
   228 | D        | Reached **** piety under Trog
   228 | D        | Reached skill level 11 in Unarmed Combat
   228 | D        | Reached XP level 8. HP: 91/91 MP: 7/7
   275 | D        | Noticed a demonic crawler
   275 | D        | Noticed a demonic crawler
   275 | D        | Noticed a demonic crawler
   275 | D        | Noticed a demonic crawler
   277 | D        | Killed a demonic crawler
   277 | D        | Reached skill level 10 in Dodging
   288 | D        | Killed a demonic crawler
   307 | D        | Killed a demonic crawler
   307 | D        | Reached XP level 9. HP: 11/100 MP: 8/8
   308 | D        | HP: 1/100 [demonic crawler (9)]
   308 | D        | Slain by a demonic crawler

Skill      XL: |  1  2  3  4  5  6  7  8 |
---------------+-------------------------+-----
Fighting       | 3 4 6 7 8 9 |  9.6
Dodging        | 3 5 6 7 8 9 10 | 10.7
Unarmed Combat | 4 6 7 9 11 | 11.9
Stealth        | |  0.8

Action                   |  1- 3 |  4- 6 |  7- 9 || total
-------------------------+-------+-------+-------++-------
Melee: Unarmed           |     8 |    19 |    30 ||    57
       Punch             |       |       |     4 ||     4
Invok: Berserk           |     1 |       |     2 ||     3
       Trog's Hand       |       |     3 |     3 ||     6
  Use: Potion            |       |       |     3 ||     3
       Scroll            |       |       |     1 ||     1
  Eat: Chunk             |       |     7 |       ||     7
Armor: Robe              |       |     1 |    16 ||    17
Dodge: Dodged            |     4 |     8 |    65 ||    77
